| Goals | Penalties |
No Goal
|
No Penalty
|
1. Golden Seals , Zachary L'Heureux 3 (Mavrik Bourque 3, Robby Fabbri 2) at 1:49
2. Golden Seals , Zachary L'Heureux 4 (Mavrik Bourque 4, Jason Robertson 9) at 17:41
3. Penguins , Lawson Crouse 2 (Charlie Coyle 7, Tyler Myers 3) at 18:42
|
Jake McCabe (CLF) for Holding (Minor) at 5:41 Max Domi (CLF) for Holding (Minor) at 12:11
|
4. Golden Seals , Bobby Brink 2 (Tyler Toffoli 6, William Karlsson 3) at 0:42
5. Penguins , Tyler Myers 3 (Stefan Noesen 5, Matty Beniers 4) at 9:02
6. Golden Seals , Mavrik Bourque 2 (Zachary L'Heureux 2) at 19:43 (Empty Net)
|
No Penalty
|
|
Jacob Markstrom (PIT), 27 saves from 30 shots - (0,900), L, 5-4-0, 59:28 minutes
Andrei Vasilevskiy (CLF), 33 saves from 35 shots - (0,943), W, 5-2-0, 60:00 minutes
|
|
1 - Zachary L'Heureux (CLF)
2 - Mavrik Bourque (CLF)
3 - Tyler Myers (PIT)
|
Referees : Steve Kozari and Francois St-Laurent
Linesman : Bevan Mills and Travis Gawryletz
|
|
Mavrik Bourque has scored in a empty net!
|
|
Level 1 -- Attendance: 6000 (100,00%) -- Ticket Income $360,000
Level 2 -- Attendance: 5000 (100,00%) -- Ticket Income $175,000
Level 3 -- Attendance: 2000 (100,00%) -- Ticket Income $32,000
Level 4 -- Attendance: 4000 (100,00%) -- Ticket Income $40,000
Luxury Box -- Attendance: 1000 (100,00%) -- Ticket Income $100,000
Game was played at the Sideburns Coliseum.
Total Attendance: 18000 (100,00%)
Total Ticket Income: $707,000
Other Income: $346,430
Total Income: $1,053,430
|
Penguins
| 5 vs 5 Forward |
|---|
| Line # | Left Wing | Center | Right Wing | PHY | DF | OF | Wanted % | Time % | Time Play |
| 1 | Mikael Granlund | Auston Matthews | Bryan Rust | 0 | 1 | 4 | 32 | 30% | 16:40
|
| 2 | Lawson Crouse | J.T. Miller | Charlie Coyle | 0 | 1 | 4 | 32 | 31% | 17:05
|
| 3 | Jordan Staal | Matty Beniers | Stefan Noesen | 0 | 3 | 2 | 26 | 22% | 12:19
|
| 4 | Miles Wood | Curtis Lazar | Sam Carrick | 1 | 3 | 1 | 10 | 16% | 9:01
|
| 5 vs 5 Defense |
|---|
| Line # | Defense | Defense | | PHY | DF | OF | Wanted % | Time % | Time Play |
| 1 | Cale Makar | Tyler Myers | | 0 | 2 | 3 | 36 | 37% | 20:12
|
| 2 | Dmitry Orlov | Logan Stanley | | 1 | 3 | 1 | 35 | 37% | 20:13
|
| 3 | Vincent Desharnais | Erik Gudbranson | | 1 | 3 | 1 | 19 | 18% | 10:02
|
| 4 | Erik Gudbranson | Vincent Desharnais | | 1 | 3 | 1 | 10 | 8% | 4:38
|
| Power Play Forward |
|---|
| Line # | Left Wing | Center | Right Wing | PHY | DF | OF | Wanted % | Time % | Time Play |
| 1 | Mikael Granlund | Auston Matthews | J.T. Miller | 0 | 1 | 4 | 60 | 60% | 2:23
|
| 2 | Bryan Rust | J.T. Miller | Charlie Coyle | 0 | 1 | 4 | 40 | 40% | 1:35
|
| Power Play Defense |
|---|
| Line # | Defense | Defense | | PHY | DF | OF | Wanted % | Time % | Time Play |
| 1 | Cale Makar | Dmitry Orlov | | 0 | 2 | 3 | 60 | 48% | 1:54
|
| 2 | Troy Stecher | Logan Stanley | | 0 | 2 | 3 | 40 | 52% | 2:04
|
| Penalty Kill 4 Players Forward |
|---|
| Line # | Center | Wing | PHY | DF | OF | Wanted % | Time % | Time Play |
| 1 | Auston Matthews | Mikael Granlund | 0 | 4 | 1 | 60 | 0% | 0:00
|
| 2 | J.T. Miller | Bryan Rust | 0 | 4 | 1 | 40 | 0% | 0:00
|
| Penalty Kill 4 Players Defense |
|---|
| Line # | Defense | Defense | PHY | DF | OF | Wanted % | Time % | Time Play |
| 1 | Vincent Desharnais | Tyler Myers | 1 | 4 | 0 | 60 | 0% | 0:00
|
| 2 | Erik Gudbranson | Logan Stanley | 1 | 4 | 0 | 40 | 0% | 0:00
|
| Penalty Kill 3 Players |
|---|
| Line # | Wing | PHY | DF | OF | Wanted % | Time % | Time Play | Defense | Defense | PHY | DF | OF | Wanted % | Time % | Time Play |
| 1 | Auston Matthews | 1 | 3 | 1 | 60 | 0% | 0:00
| Vincent Desharnais | Tyler Myers | 1 | 2 | 2 | 60 | 0% | 0:00
|
| 2 | J.T. Miller | 1 | 2 | 2 | 40 | 0% | 0:00
| Erik Gudbranson | Logan Stanley | 1 | 2 | 2 | 40 | 0% | 0:00
|
| 4 vs 4 Forward |
|---|
| Line # | Center | Wing | PHY | DF | OF | Wanted % | Time % | Time Play |
| 1 | Auston Matthews | Mikael Granlund | 0 | 2 | 3 | 60 | 0% | 0:00
|
| 2 | J.T. Miller | Bryan Rust | 0 | 2 | 3 | 40 | 0% | 0:00
|
| 4 vs 4 Defense |
|---|
| Line # | Defense | | PHY | DF | OF | Wanted % | Time % | Time Play |
| 1 | Cale Makar | Tyler Myers | 1 | 2 | 2 | 60 | 0% | 0:00
|
| 2 | Dmitry Orlov | Logan Stanley | 1 | 2 | 2 | 40 | 0% | 0:00
|
| Last Minutes Offensive |
|---|
| Left Wing | Center | Right Wing | Defense | Defense |
| Mikael Granlund | Auston Matthews | J.T. Miller | Cale Makar | Tyler Myers |
| Last Minutes Defensive |
|---|
| Left Wing | Center | Right Wing | Defense | Defense |
| Mikael Granlund | Auston Matthews | J.T. Miller | Cale Makar | Tyler Myers |
| Time |
|---|
| Total Forward | Total Defense | Last Minutes Offensive | Last Minutes Defensive |
| 60:00 |
60:00 |
0:57 | 0:00 |
| Extra Forwards |
|---|
| Normal | PowerPlay | Penalty Kill |
|
Jordan Staal, Matty Beniers, Stefan Noesen | Jordan Staal, Matty Beniers | Jordan Staal |
| Extra Defensemen |
|---|
| Normal | PowerPlay | Penalty Kill |
|
Vincent Desharnais, Troy Stecher, Artyom Levshunov | Vincent Desharnais, Vincent Desharnais | Troy Stecher |
| Penalty Shots |
|---|
|
Auston Matthews, J.T. Miller, Mikael Granlund, Bryan Rust, Jordan Staal |
| Goalie |
|---|
| Jacob Markstrom, Anton Forsberg |
| Custom OT Lines Forwards |
|---|
|
Auston Matthews, J.T. Miller, Mikael Granlund, Bryan Rust, Jordan Staal, Matty Beniers, Stefan Noesen, Lawson Crouse, Miles Wood, Sam Carrick |
| Custom OT Lines Defensemen |
|---|
|
Cale Makar, Tyler Myers, Dmitry Orlov, Logan Stanley, Vincent Desharnais |
| Scratches |
|---|
|
Jesse Puljujarvi (Healthy) |
Golden Seals
| 5 vs 5 Forward |
|---|
| Line # | Left Wing | Center | Right Wing | PHY | DF | OF | Wanted % | Time % | Time Play |
| 1 | Jaden Schwartz | Nick Suzuki | Jason Robertson | 0 | 2 | 3 | 40 | 34% | 18:38
|
| 2 | Tyler Toffoli | William Karlsson | Bobby Brink | 0 | 3 | 2 | 30 | 31% | 17:19
|
| 3 | Robby Fabbri | Max Domi | Jani Nyman | 0 | 3 | 2 | 20 | 21% | 11:41
|
| 4 | Zachary L'Heureux | Mavrik Bourque | Barclay Goodrow | 0 | 3 | 2 | 10 | 13% | 7:26
|
| 5 vs 5 Defense |
|---|
| Line # | Defense | Defense | | PHY | DF | OF | Wanted % | Time % | Time Play |
| 1 | Jake McCabe | Thomas Harley | | 0 | 4 | 1 | 40 | 39% | 21:25
|
| 2 | Colton Parayko | Cody Ceci | | 0 | 4 | 1 | 40 | 38% | 20:57
|
| 3 | Dmitry Kulikov | Ryan Suter | | 0 | 4 | 1 | 20 | 23% | 12:42
|
| 4 | Colton Parayko | Jake McCabe | | 1 | 3 | 1 | 0 | 0% | 0:00
|
| Power Play Forward |
|---|
| Line # | Left Wing | Center | Right Wing | PHY | DF | OF | Wanted % | Time % | Time Play |
| 1 | Jaden Schwartz | Nick Suzuki | Jason Robertson | 0 | 0 | 5 | 55 | 0% | 0:00
|
| 2 | Max Domi | William Karlsson | Tyler Toffoli | 0 | 0 | 5 | 45 | 0% | 0:00
|
| Power Play Defense |
|---|
| Line # | Defense | Defense | | PHY | DF | OF | Wanted % | Time % | Time Play |
| 1 | Thomas Harley | Jani Nyman | | 0 | 1 | 4 | 52 | 0% | 0:00
|
| 2 | Colton Parayko | Bobby Brink | | 0 | 1 | 4 | 48 | 0% | 0:00
|
| Penalty Kill 4 Players Forward |
|---|
| Line # | Center | Wing | PHY | DF | OF | Wanted % | Time % | Time Play |
| 1 | Mavrik Bourque | Barclay Goodrow | 1 | 4 | 0 | 55 | 64% | 2:32
|
| 2 | William Karlsson | Zachary L'Heureux | 1 | 4 | 0 | 45 | 36% | 1:26
|
| Penalty Kill 4 Players Defense |
|---|
| Line # | Defense | Defense | PHY | DF | OF | Wanted % | Time % | Time Play |
| 1 | Jake McCabe | Colton Parayko | 1 | 4 | 0 | 55 | 67% | 2:39
|
| 2 | Cody Ceci | Ryan Suter | 1 | 4 | 0 | 45 | 33% | 1:19
|
| Penalty Kill 3 Players |
|---|
| Line # | Wing | PHY | DF | OF | Wanted % | Time % | Time Play | Defense | Defense | PHY | DF | OF | Wanted % | Time % | Time Play |
| 1 | Barclay Goodrow | 0 | 5 | 0 | 55 | 0% | 0:00
| Colton Parayko | Jake McCabe | 0 | 5 | 0 | 60 | 0% | 0:00
|
| 2 | Mavrik Bourque | 0 | 5 | 0 | 45 | 0% | 0:00
| Cody Ceci | Ryan Suter | 0 | 5 | 0 | 40 | 0% | 0:00
|
| 4 vs 4 Forward |
|---|
| Line # | Center | Wing | PHY | DF | OF | Wanted % | Time % | Time Play |
| 1 | Nick Suzuki | Jason Robertson | 0 | 3 | 2 | 60 | 0% | 0:00
|
| 2 | William Karlsson | Tyler Toffoli | 0 | 3 | 2 | 40 | 0% | 0:00
|
| 4 vs 4 Defense |
|---|
| Line # | Defense | | PHY | DF | OF | Wanted % | Time % | Time Play |
| 1 | Colton Parayko | Jake McCabe | 0 | 4 | 1 | 60 | 0% | 0:00
|
| 2 | Cody Ceci | Thomas Harley | 0 | 4 | 1 | 40 | 0% | 0:00
|
| Last Minutes Offensive |
|---|
| Left Wing | Center | Right Wing | Defense | Defense |
| Tyler Toffoli | Nick Suzuki | Jason Robertson | Thomas Harley | William Karlsson |
| Last Minutes Defensive |
|---|
| Left Wing | Center | Right Wing | Defense | Defense |
| Zachary L'Heureux | William Karlsson | Barclay Goodrow | Colton Parayko | Jake McCabe |
| Time |
|---|
| Total Forward | Total Defense | Last Minutes Offensive | Last Minutes Defensive |
| 60:00 |
60:00 |
0:00 | 0:58 |
| Extra Forwards |
|---|
| Normal | PowerPlay | Penalty Kill |
|
Tyler Toffoli, Nick Suzuki, Mavrik Bourque | Tyler Toffoli, Nick Suzuki | Nick Suzuki |
| Extra Defensemen |
|---|
| Normal | PowerPlay | Penalty Kill |
|
Colton Parayko, Dmitry Kulikov, Jake McCabe | Colton Parayko, Jake McCabe | Colton Parayko |
| Penalty Shots |
|---|
|
Nick Suzuki, Jason Robertson, Bobby Brink, William Karlsson, Tyler Toffoli |
| Goalie |
|---|
| Andrei Vasilevskiy, Daniil Tarasov |
| Custom OT Lines Forwards |
|---|
|
Nick Suzuki, Jason Robertson, William Karlsson, Tyler Toffoli, Jaden Schwartz, Max Domi, Jani Nyman, Bobby Brink, Robby Fabbri, Mavrik Bourque |
| Custom OT Lines Defensemen |
|---|
|
Colton Parayko, Jake McCabe, Thomas Harley, Dmitry Kulikov, Cody Ceci |
| Scratches |
|---|
|
Nick Cousins (Healthy), Jonatan Berggren (Healthy), Tyler Tucker (Healthy) |
Play-by-Play
1st period
0:01 of 1st period - Nick Suzuki wins face-off versus Bryan Rust in neutral zone.
0:26 of 1st period - Jake McCabe is hit by Tyler Myers and loses puck.
0:55 of 1st period - Wrist shot by Stefan Noesen.
0:55 of 1st period - Shot Blocked by Cody Ceci.
0:57 of 1st period - Snap shot by Jordan Staal.
0:57 of 1st period - Shot Hit the Post.
1:10 of 1st period - Icing by Mavrik Bourque.
1:11 of 1st period - Curtis Lazar wins face-off versus Mavrik Bourque in Golden Seals zone.
1:16 of 1st period - Slapshot by Miles Wood.
1:16 of 1st period - Stopped by Andrei Vasilevskiy without a rebound.
1:17 of 1st period - Auston Matthews wins face-off versus Nick Suzuki in Golden Seals zone.
1:29 of 1st period - Snap shot by Jason Robertson.
1:29 of 1st period - Deflect By Jaden Schwartz.
1:29 of 1st period - Stopped by Jacob Markstrom with a rebound.
1:31 of 1st period - Slapshot by Dmitry Kulikov.
1:31 of 1st period - Stopped by Jacob Markstrom without a rebound.
1:32 of 1st period - William Karlsson wins face-off versus J.T. Miller in Penguins zone.
1:33 of 1st period - Slapshot by Tyler Toffoli.
1:33 of 1st period - Stopped by Jacob Markstrom without a rebound.
1:34 of 1st period - J.T. Miller wins face-off versus William Karlsson in Penguins zone.
2:12 of 1st period - Snap shot by Matty Beniers.
2:12 of 1st period - Shot Misses the Net.
2:22 of 1st period - Snap shot by Robby Fabbri.
2:22 of 1st period - Shot Misses the Net.
2:24 of 1st period - Wrist shot by Thomas Harley.
2:24 of 1st period - Shot Blocked by Auston Matthews.
2:42 of 1st period - Snap shot by Mavrik Bourque.
2:42 of 1st period - Shot Misses the Net.
2:44 of 1st period - Slapshot by Thomas Harley.
2:44 of 1st period - Deflect By Cale Makar.
2:44 of 1st period - Stopped by Jacob Markstrom with a rebound.
3:06 of 1st period - Erik Gudbranson is hit by Bobby Brink and loses puck.
3:47 of 1st period - Slapshot by Matty Beniers.
3:47 of 1st period - Stopped by Andrei Vasilevskiy without a rebound.
3:48 of 1st period - Tyler Toffoli wins face-off versus Matty Beniers in Golden Seals zone.
3:55 of 1st period - Wrist shot by Bobby Brink.
3:55 of 1st period - Shot Blocked by Tyler Myers.
4:08 of 1st period - Slapshot by Cale Makar.
4:08 of 1st period - Shot Blocked by Jaden Schwartz.
4:10 of 1st period - Snap shot by Tyler Myers.
4:10 of 1st period - Stopped by Andrei Vasilevskiy without a rebound.
4:11 of 1st period - J.T. Miller wins face-off versus Nick Suzuki in Golden Seals zone.
4:24 of 1st period - Snap shot by J.T. Miller.
4:24 of 1st period - Shot Misses the Net.
4:26 of 1st period - Snap shot by Charlie Coyle.
4:26 of 1st period - Stopped by Andrei Vasilevskiy without a rebound.
4:27 of 1st period - Max Domi wins face-off versus Auston Matthews in Golden Seals zone.
4:38 of 1st period - Slapshot by Auston Matthews.
4:38 of 1st period - Shot Misses the Net.
4:40 of 1st period - Slapshot by Dmitry Orlov.
4:40 of 1st period - Shot Misses the Net.
4:42 of 1st period - Snap shot by Mikael Granlund.
4:42 of 1st period - Shot Misses the Net.
4:44 of 1st period - Wrist shot by Mikael Granlund.
4:44 of 1st period - Shot Misses the Net.
5:18 of 1st period - Slapshot by Tyler Toffoli.
5:18 of 1st period - Shot Misses the Net.
5:36 of 1st period - Curtis Lazar is hit by Barclay Goodrow and loses puck.
5:57 of 1st period - Snap shot by Max Domi.
5:57 of 1st period - Deflect By Jani Nyman.
5:57 of 1st period - Shot Blocked by Mikael Granlund.
5:57 of 1st period - Puck is out of play.
5:58 of 1st period - Auston Matthews wins face-off versus Max Domi in Penguins zone.
6:11 of 1st period - Snap shot by Bryan Rust.
6:11 of 1st period - Stopped by Andrei Vasilevskiy without a rebound.
6:12 of 1st period - Nick Suzuki wins face-off versus J.T. Miller in Golden Seals zone.
6:17 of 1st period - Wrist shot by Jason Robertson.
6:17 of 1st period - Shot Hit the Post.
6:42 of 1st period - Off-side.
6:43 of 1st period - Auston Matthews wins face-off versus William Karlsson in neutral zone.
7:38 of 1st period - Slapshot by Mavrik Bourque.
7:38 of 1st period - Shot Misses the Net.
7:56 of 1st period - Miles Wood is hit by Jani Nyman and loses puck.
8:17 of 1st period - Snap shot by Bobby Brink.
8:17 of 1st period - Stopped by Jacob Markstrom without a rebound.
8:18 of 1st period - J.T. Miller wins face-off versus William Karlsson in Penguins zone.
8:27 of 1st period - Backhand shot by Tyler Toffoli.
8:27 of 1st period - Shot Blocked by Dmitry Orlov.
8:45 of 1st period - Colton Parayko is hit by Mikael Granlund and loses puck.
9:04 of 1st period - Snap shot by Stefan Noesen.
9:04 of 1st period - Shot Misses the Net.
9:24 of 1st period - Wrist shot by Mavrik Bourque.
9:24 of 1st period - Stopped by Jacob Markstrom with a rebound.
9:45 of 1st period - Tyler Myers is hit by Jake McCabe and loses puck.
9:50 of 1st period - Snap shot by Tyler Toffoli.
9:50 of 1st period - Shot Misses the Net.
11:02 of 1st period - Snap shot by Barclay Goodrow.
11:02 of 1st period - Stopped by Jacob Markstrom without a rebound.
11:03 of 1st period - Nick Suzuki wins face-off versus Lawson Crouse in Penguins zone.
11:12 of 1st period - Slapshot by Charlie Coyle.
11:12 of 1st period - Shot Misses the Net.
11:14 of 1st period - Wrist shot by Charlie Coyle.
11:14 of 1st period - Shot Misses the Net.
11:41 of 1st period - William Karlsson is hit by Erik Gudbranson and loses puck.
12:07 of 1st period - Ryan Suter is hit by Miles Wood and loses puck.
12:55 of 1st period - Auston Matthews is hit by Colton Parayko and loses puck.
13:16 of 1st period - Auston Matthews is hit by Max Domi and loses puck.
13:23 of 1st period - Colton Parayko is hit by Bryan Rust.
13:31 of 1st period - Wrist shot by Bryan Rust.
13:31 of 1st period - Stopped by Andrei Vasilevskiy with a rebound.
13:45 of 1st period - Wrist shot by Robby Fabbri.
13:45 of 1st period - Deflect By Jani Nyman.
13:45 of 1st period - Shot Blocked by Vincent Desharnais.
13:45 of 1st period - Puck is out of play.
13:46 of 1st period - Nick Suzuki wins face-off versus J.T. Miller in Penguins zone.
13:55 of 1st period - Snap shot by Jaden Schwartz.
13:55 of 1st period - Deflect By Jason Robertson.
13:55 of 1st period - Stopped by Jacob Markstrom with a rebound.
14:34 of 1st period - Off-side.
14:35 of 1st period - Curtis Lazar wins face-off versus Mavrik Bourque in neutral zone.
14:50 of 1st period - Slapshot by Miles Wood.
14:50 of 1st period - Stopped by Andrei Vasilevskiy with a rebound.
15:37 of 1st period - Snap shot by J.T. Miller.
15:37 of 1st period - Shot Misses the Net.
15:39 of 1st period - Wrist shot by Charlie Coyle.
15:39 of 1st period - Shot Blocked by Nick Suzuki.
15:55 of 1st period - Wrist shot by Nick Suzuki.
15:55 of 1st period - Stopped by Jacob Markstrom without a rebound.
15:56 of 1st period - William Karlsson wins face-off versus Auston Matthews in Penguins zone.
15:59 of 1st period - Snap shot by Bobby Brink.
15:59 of 1st period - Stopped by Jacob Markstrom with a rebound.
16:01 of 1st period - Slapshot by Bobby Brink.
16:01 of 1st period - Shot Misses the Net.
16:03 of 1st period - Slapshot by Jake McCabe.
16:03 of 1st period - Shot Blocked by Dmitry Orlov.
16:05 of 1st period - Snap shot by Bobby Brink.
16:05 of 1st period - Stopped by Jacob Markstrom with a rebound.
16:07 of 1st period - Slapshot by Jake McCabe.
16:07 of 1st period - Deflect By Bobby Brink.
16:07 of 1st period - Stopped by Jacob Markstrom with a rebound.
16:09 of 1st period - Slapshot by Thomas Harley.
16:09 of 1st period - Stopped by Jacob Markstrom with a rebound.
16:11 of 1st period - Snap shot by Tyler Toffoli.
16:11 of 1st period - Shot Blocked by Dmitry Orlov.
16:50 of 1st period - Snap shot by Zachary L'Heureux.
16:50 of 1st period - Stopped by Jacob Markstrom with a rebound.
17:28 of 1st period - Slapshot by Stefan Noesen.
17:28 of 1st period - Shot Misses the Net.
17:40 of 1st period - Vincent Desharnais is hit by Nick Suzuki.
18:02 of 1st period - Snap shot by Zachary L'Heureux.
18:02 of 1st period - Shot Misses the Net.
18:14 of 1st period - Cody Ceci is hit by Bryan Rust and loses puck.
18:21 of 1st period - Mikael Granlund is hit by Tyler Toffoli and loses puck.
18:34 of 1st period - Slapshot by Cale Makar.
18:34 of 1st period - Shot Blocked by Jason Robertson.
18:36 of 1st period - Slapshot by Cale Makar.
18:36 of 1st period - Shot Blocked by Dmitry Kulikov.
18:38 of 1st period - Snap shot by Stefan Noesen.
18:38 of 1st period - Shot Blocked by Nick Suzuki.
18:40 of 1st period - Slapshot by Tyler Myers.
18:40 of 1st period - Stopped by Andrei Vasilevskiy without a rebound.
18:41 of 1st period - J.T. Miller wins face-off versus William Karlsson in Golden Seals zone.
18:50 of 1st period - Snap shot by J.T. Miller.
18:50 of 1st period - Shot Misses the Net.
19:20 of 1st period - Snap shot by Auston Matthews.
19:20 of 1st period - Stopped by Andrei Vasilevskiy without a rebound.
19:21 of 1st period - William Karlsson wins face-off versus Matty Beniers in Golden Seals zone.
19:30 of 1st period - Snap shot by Bobby Brink.
19:30 of 1st period - Stopped by Jacob Markstrom with a rebound.
19:46 of 1st period - Jordan Staal is hit by Robby Fabbri and loses puck.
19:59 of 1st period - Slapshot by Cale Makar.
19:59 of 1st period - Stopped by Andrei Vasilevskiy with a rebound.
Goals for this period are 0 for Penguins vs 0 for Golden Seals.
Shots for this period are 10 for Penguins vs 15 for Golden Seals.
2nd period
0:01 of 2nd period - J.T. Miller wins face-off versus Nick Suzuki in neutral zone.
0:04 of 2nd period - Wrist shot by Lawson Crouse.
0:04 of 2nd period - Stopped by Andrei Vasilevskiy with a rebound.
0:26 of 2nd period - Snap shot by Jani Nyman.
0:26 of 2nd period - Deflect By Max Domi.
0:26 of 2nd period - Stopped by Jacob Markstrom with a rebound.
0:28 of 2nd period - Slapshot by Robby Fabbri.
0:28 of 2nd period - Shot Blocked by Dmitry Orlov.
0:30 of 2nd period - Snap shot by Jani Nyman.
0:30 of 2nd period - Stopped by Jacob Markstrom with a rebound.
0:52 of 2nd period - Snap shot by Bryan Rust.
0:52 of 2nd period - Stopped by Andrei Vasilevskiy with a rebound.
0:54 of 2nd period - Snap shot by Mikael Granlund.
0:54 of 2nd period - Deflect By Bryan Rust.
0:54 of 2nd period - Stopped by Andrei Vasilevskiy with a rebound.
0:56 of 2nd period - Snap shot by Logan Stanley.
0:56 of 2nd period - Deflect By Bryan Rust.
0:56 of 2nd period - Shot Misses the Net.
0:56 of 2nd period - Puck is out of play.
0:57 of 2nd period - Auston Matthews wins face-off versus Nick Suzuki in Golden Seals zone.
1:47 of 2nd period - Wrist shot by Mavrik Bourque.
1:47 of 2nd period - Shot Misses the Net.
1:49 of 2nd period - Slapshot by Mavrik Bourque.
1:49 of 2nd period - Deflect By Zachary L'Heureux.
1:49 of 2nd period - Goal by Zachary L'Heureux - Penguins : 0 - Golden Seals : 1.
1:50 of 2nd period - Nick Suzuki wins face-off versus J.T. Miller in neutral zone.
2:16 of 2nd period - Tyler Toffoli is hit by Mikael Granlund and loses puck.
3:05 of 2nd period - Off-side.
3:06 of 2nd period - Charlie Coyle wins face-off versus Nick Suzuki in neutral zone.
3:23 of 2nd period - Snap shot by Nick Suzuki.
3:23 of 2nd period - Shot Blocked by Lawson Crouse.
4:22 of 2nd period - Zachary L'Heureux is hit by J.T. Miller and loses puck.
4:49 of 2nd period - Snap shot by Miles Wood.
4:49 of 2nd period - Stopped by Andrei Vasilevskiy without a rebound.
4:50 of 2nd period - Miles Wood wins face-off versus Nick Suzuki in Golden Seals zone.
4:55 of 2nd period - Snap shot by Miles Wood.
4:55 of 2nd period - Stopped by Andrei Vasilevskiy with a rebound.
5:05 of 2nd period - Sam Carrick is hit by Colton Parayko and loses puck.
5:14 of 2nd period - Curtis Lazar is hit by Colton Parayko and loses puck.
5:20 of 2nd period - Icing by Cale Makar.
5:21 of 2nd period - William Karlsson wins face-off versus Curtis Lazar in Penguins zone.
5:41 of 2nd period - Minor Penalty to Jake McCabe for Holding.
5:42 of 2nd period - Auston Matthews wins face-off versus Mavrik Bourque in Golden Seals zone.
7:06 of 2nd period - Slapshot by Max Domi.
7:06 of 2nd period - Shot Misses the Net.
7:41 of 2nd period - Penalty to Jake McCabe is over, Jake McCabe is back on ice.
8:49 of 2nd period - Snap shot by Jaden Schwartz.
8:49 of 2nd period - Stopped by Jacob Markstrom with a rebound.
9:09 of 2nd period - Snap shot by Bobby Brink.
9:09 of 2nd period - Stopped by Jacob Markstrom with a rebound.
9:11 of 2nd period - Snap shot by Tyler Toffoli.
9:11 of 2nd period - Shot Misses the Net.
9:59 of 2nd period - Ryan Suter is hit by Miles Wood and loses puck.
11:14 of 2nd period - Logan Stanley is hit by William Karlsson and loses puck.
11:23 of 2nd period - Matty Beniers is hit by William Karlsson.
11:44 of 2nd period - Bryan Rust is hit by Jaden Schwartz and loses puck.
12:02 of 2nd period - Charlie Coyle is hit by Robby Fabbri and loses puck.
12:11 of 2nd period - Minor Penalty to Max Domi for Holding.
12:12 of 2nd period - Auston Matthews wins face-off versus Mavrik Bourque in Golden Seals zone.
12:15 of 2nd period - Wrist shot by Mikael Granlund.
12:15 of 2nd period - Shot Misses the Net.
12:17 of 2nd period - Slapshot by J.T. Miller.
12:17 of 2nd period - Deflect By Mikael Granlund.
12:17 of 2nd period - Stopped by Andrei Vasilevskiy with a rebound.
12:19 of 2nd period - Wrist shot by J.T. Miller.
12:19 of 2nd period - Stopped by Andrei Vasilevskiy without a rebound.
12:20 of 2nd period - Mavrik Bourque wins face-off versus Auston Matthews in Golden Seals zone.
12:49 of 2nd period - Wrist shot by Auston Matthews.
12:49 of 2nd period - Shot Misses the Net.
12:51 of 2nd period - Slapshot by Mikael Granlund.
12:51 of 2nd period - Shot Hit the Post.
14:11 of 2nd period - Penalty to Max Domi is over, Max Domi is back on ice.
14:41 of 2nd period - Wrist shot by Matty Beniers.
14:41 of 2nd period - Shot Misses the Net.
14:49 of 2nd period - Cale Makar is hit by Robby Fabbri and loses puck.
15:08 of 2nd period - Sam Carrick is hit by Jason Robertson and loses puck.
15:31 of 2nd period - Charlie Coyle is hit by Mavrik Bourque and loses puck.
17:00 of 2nd period - Max Domi is hit by Logan Stanley and loses puck.
17:19 of 2nd period - Jason Robertson is hit by Stefan Noesen.
17:35 of 2nd period - Slapshot by Zachary L'Heureux.
17:35 of 2nd period - Shot Misses the Net.
17:37 of 2nd period - Wrist shot by Mavrik Bourque.
17:37 of 2nd period - Shot Misses the Net.
17:39 of 2nd period - Snap shot by Zachary L'Heureux.
17:39 of 2nd period - Shot Blocked by Vincent Desharnais.
17:41 of 2nd period - Slapshot by Zachary L'Heureux.
17:41 of 2nd period - Goal by Zachary L'Heureux - Penguins : 0 - Golden Seals : 2.
17:42 of 2nd period - Nick Suzuki wins face-off versus Auston Matthews in neutral zone.
17:55 of 2nd period - Slapshot by Nick Suzuki.
17:55 of 2nd period - Shot Blocked by Cale Makar.
17:57 of 2nd period - Snap shot by Jake McCabe.
17:57 of 2nd period - Stopped by Jacob Markstrom with a rebound.
17:59 of 2nd period - Snap shot by Thomas Harley.
17:59 of 2nd period - Stopped by Jacob Markstrom with a rebound.
18:09 of 2nd period - Tyler Myers is hit by Jani Nyman and loses puck.
18:36 of 2nd period - Slapshot by Tyler Myers.
18:36 of 2nd period - Stopped by Andrei Vasilevskiy with a rebound.
18:40 of 2nd period - Slapshot by Charlie Coyle.
18:40 of 2nd period - Stopped by Andrei Vasilevskiy with a rebound.
18:42 of 2nd period - Wrist shot by Lawson Crouse.
18:42 of 2nd period - Goal by Lawson Crouse - Penguins : 1 - Golden Seals : 2.
18:43 of 2nd period - J.T. Miller wins face-off versus Nick Suzuki in neutral zone.
Goals for this period are 1 for Penguins vs 2 for Golden Seals.
Shots for this period are 10 for Penguins vs 8 for Golden Seals.
3rd period
0:01 of 3rd period - Jaden Schwartz wins face-off versus Auston Matthews in neutral zone.
0:32 of 3rd period - Slapshot by Cale Makar.
0:32 of 3rd period - Stopped by Andrei Vasilevskiy without a rebound.
0:33 of 3rd period - William Karlsson wins face-off versus J.T. Miller in Golden Seals zone.
0:42 of 3rd period - Wrist shot by Bobby Brink.
0:42 of 3rd period - Goal by Bobby Brink - Penguins : 1 - Golden Seals : 3.
0:43 of 3rd period - Auston Matthews wins face-off versus Nick Suzuki in neutral zone.
1:10 of 3rd period - William Karlsson is hit by J.T. Miller and loses puck.
1:57 of 3rd period - Backhand shot by Cale Makar.
1:57 of 3rd period - Stopped by Andrei Vasilevskiy without a rebound.
1:58 of 3rd period - Bryan Rust wins face-off versus Mavrik Bourque in Golden Seals zone.
2:07 of 3rd period - Wrist shot by Mikael Granlund.
2:07 of 3rd period - Stopped by Andrei Vasilevskiy with a rebound.
2:10 of 3rd period - Icing by Thomas Harley.
2:11 of 3rd period - J.T. Miller wins face-off versus Mavrik Bourque in Golden Seals zone.
2:37 of 3rd period - Off-side.
2:38 of 3rd period - Auston Matthews wins face-off versus Nick Suzuki in neutral zone.
2:51 of 3rd period - Snap shot by Auston Matthews.
2:51 of 3rd period - Deflect By Nick Suzuki.
2:51 of 3rd period - Stopped by Andrei Vasilevskiy without a rebound.
2:52 of 3rd period - J.T. Miller wins face-off versus Nick Suzuki in Golden Seals zone.
4:02 of 3rd period - Icing by Tyler Myers.
4:03 of 3rd period - Mavrik Bourque wins face-off versus Curtis Lazar in Penguins zone.
4:12 of 3rd period - Slapshot by Cale Makar.
4:12 of 3rd period - Stopped by Andrei Vasilevskiy with a rebound.
4:14 of 3rd period - Snap shot by Sam Carrick.
4:14 of 3rd period - Stopped by Andrei Vasilevskiy with a rebound.
4:16 of 3rd period - Wrist shot by Curtis Lazar.
4:16 of 3rd period - Shot Blocked by Barclay Goodrow.
4:18 of 3rd period - Snap shot by Miles Wood.
4:18 of 3rd period - Stopped by Andrei Vasilevskiy without a rebound.
4:19 of 3rd period - Nick Suzuki wins face-off versus J.T. Miller in Golden Seals zone.
5:13 of 3rd period - Backhand shot by Jani Nyman.
5:13 of 3rd period - Shot Blocked by Stefan Noesen.
5:15 of 3rd period - Wrist shot by Robby Fabbri.
5:15 of 3rd period - Stopped by Jacob Markstrom with a rebound.
5:17 of 3rd period - Snap shot by Robby Fabbri.
5:17 of 3rd period - Stopped by Jacob Markstrom without a rebound.
5:18 of 3rd period - Nick Suzuki wins face-off versus J.T. Miller in Penguins zone.
5:50 of 3rd period - Snap shot by Cale Makar.
5:50 of 3rd period - Stopped by Andrei Vasilevskiy with a rebound.
6:17 of 3rd period - Snap shot by Charlie Coyle.
6:17 of 3rd period - Shot Misses the Net.
6:19 of 3rd period - Slapshot by Erik Gudbranson.
6:19 of 3rd period - Shot Blocked by William Karlsson.
6:21 of 3rd period - Wrist shot by Erik Gudbranson.
6:21 of 3rd period - Shot Blocked by Thomas Harley.
6:23 of 3rd period - Wrist shot by Lawson Crouse.
6:23 of 3rd period - Shot Misses the Net.
6:25 of 3rd period - Snap shot by Erik Gudbranson.
6:25 of 3rd period - Stopped by Andrei Vasilevskiy without a rebound.
6:26 of 3rd period - Nick Suzuki wins face-off versus Auston Matthews in Golden Seals zone.
6:57 of 3rd period - Snap shot by Mikael Granlund.
6:57 of 3rd period - Stopped by Andrei Vasilevskiy without a rebound.
6:58 of 3rd period - William Karlsson wins face-off versus Matty Beniers in Golden Seals zone.
6:58 of 3rd period - William Karlsson is hit by Jordan Staal.
7:21 of 3rd period - Icing by Ryan Suter.
7:22 of 3rd period - Curtis Lazar wins face-off versus William Karlsson in Golden Seals zone.
7:27 of 3rd period - Slapshot by Miles Wood.
7:27 of 3rd period - Shot Misses the Net.
7:43 of 3rd period - Wrist shot by Bobby Brink.
7:43 of 3rd period - Shot Misses the Net.
7:48 of 3rd period - Off-side.
7:49 of 3rd period - Nick Suzuki wins face-off versus Matty Beniers in neutral zone.
8:01 of 3rd period - Icing by Tyler Myers.
8:02 of 3rd period - Matty Beniers wins face-off versus Nick Suzuki in Penguins zone.
8:15 of 3rd period - Slapshot by Cale Makar.
8:15 of 3rd period - Stopped by Andrei Vasilevskiy with a rebound.
8:17 of 3rd period - Snap shot by Stefan Noesen.
8:17 of 3rd period - Shot Blocked by Cody Ceci.
8:19 of 3rd period - Wrist shot by Stefan Noesen.
8:19 of 3rd period - Shot Hit the Post.
8:52 of 3rd period - Slapshot by Matty Beniers.
8:52 of 3rd period - Stopped by Andrei Vasilevskiy with a rebound.
9:00 of 3rd period - Snap shot by Stefan Noesen.
9:00 of 3rd period - Shot Misses the Net.
9:02 of 3rd period - Slapshot by Tyler Myers.
9:02 of 3rd period - Goal by Tyler Myers - Penguins : 2 - Golden Seals : 3.
9:03 of 3rd period - Nick Suzuki wins face-off versus Auston Matthews in neutral zone.
9:11 of 3rd period - Icing by Logan Stanley.
9:12 of 3rd period - Auston Matthews wins face-off versus Nick Suzuki in Penguins zone.
9:17 of 3rd period - Wrist shot by Jason Robertson.
9:17 of 3rd period - Shot Blocked by Dmitry Orlov.
10:21 of 3rd period - Thomas Harley is hit by Mikael Granlund and loses puck.
10:58 of 3rd period - Slapshot by Nick Suzuki.
10:58 of 3rd period - Shot Misses the Net.
11:04 of 3rd period - Snap shot by Nick Suzuki.
11:04 of 3rd period - Shot Blocked by Auston Matthews.
12:29 of 3rd period - Wrist shot by Bryan Rust.
12:29 of 3rd period - Stopped by Andrei Vasilevskiy without a rebound.
12:30 of 3rd period - J.T. Miller wins face-off versus William Karlsson in Golden Seals zone.
12:31 of 3rd period - Snap shot by Charlie Coyle.
12:31 of 3rd period - Shot Misses the Net.
13:25 of 3rd period - Snap shot by Robby Fabbri.
13:25 of 3rd period - Shot Misses the Net.
13:27 of 3rd period - Snap shot by Max Domi.
13:27 of 3rd period - Shot Blocked by Tyler Myers.
13:29 of 3rd period - Snap shot by Jani Nyman.
13:29 of 3rd period - Stopped by Jacob Markstrom with a rebound.
13:39 of 3rd period - Wrist shot by Miles Wood.
13:39 of 3rd period - Deflect By Charlie Coyle.
13:39 of 3rd period - Shot Misses the Net.
13:39 of 3rd period - Puck is out of play.
13:40 of 3rd period - William Karlsson wins face-off versus J.T. Miller in Golden Seals zone.
14:17 of 3rd period - Wrist shot by Jordan Staal.
14:17 of 3rd period - Deflect By Dmitry Kulikov.
14:17 of 3rd period - Shot Misses the Net.
14:17 of 3rd period - Puck is out of play.
14:18 of 3rd period - J.T. Miller wins face-off versus Zachary L'Heureux in Golden Seals zone.
14:29 of 3rd period - Barclay Goodrow is hit by Tyler Myers and loses puck.
15:11 of 3rd period - Snap shot by Max Domi.
15:11 of 3rd period - Stopped by Jacob Markstrom with a rebound.
15:35 of 3rd period - Wrist shot by Zachary L'Heureux.
15:35 of 3rd period - Shot Misses the Net.
15:37 of 3rd period - Wrist shot by Zachary L'Heureux.
15:37 of 3rd period - Stopped by Jacob Markstrom with a rebound.
15:59 of 3rd period - Tyler Myers is hit by William Karlsson and loses puck.
19:11 of 3rd period - Penguins, Jacob Markstrom is pulled from the net.
19:13 of 3rd period - Snap shot by Auston Matthews.
19:13 of 3rd period - Stopped by Andrei Vasilevskiy with a rebound.
19:15 of 3rd period - Slapshot by Logan Stanley.
19:15 of 3rd period - Shot Blocked by Dmitry Kulikov.
19:43 of 3rd period - Slapshot by Mavrik Bourque.
19:43 of 3rd period - Goal by Mavrik Bourque - Penguins : 2 - Golden Seals : 4.
19:43 of 3rd period - Jacob Markstrom from Penguins was sent back in the game.
19:44 of 3rd period - Tyler Toffoli wins face-off versus Jordan Staal in neutral zone.
19:59 of 3rd period - Slapshot by Tyler Toffoli.
19:59 of 3rd period - Stopped by Jacob Markstrom without a rebound.
Goals for this period are 1 for Penguins vs 2 for Golden Seals.
Shots for this period are 15 for Penguins vs 8 for Golden Seals.